 Dungeon Crawl Stone Soup version 0.18.1-48-g4cf74bf (webtiles) character file.

53 torvon the Charmwright (level 3, 0/28 HPs)
             Began as a Merfolk Skald on Aug 8, 2016.
             Slain by a gnoll
             ... wielding a +0 whip
              (7 damage)
             ... on level 2 of the Dungeon.
             The game lasted 00:07:45 (1974 turns).

torvon the Charmwright (Merfolk Skald)              Turns: 1974, Time: 00:07:46

Health: 0/28       AC:  3    Str: 13    XL:     3   Next: 87%
Magic:  1/6        EV:  6    Int: 11    God:
Gold:   83         SH:  0    Dex: 13    Spells: 3 memorised, 0 levels left

rFire  . . .     SeeInvis .     a - +0 spear
rCold  . . .     Gourm    .     b - +0 leather armour
rNeg   . . .     Faith    .     (no shield)
rPois  .         Spirit   .     o - +0 hat
rElec  .         Dismiss  .     (no cloak)
rCorr  .         Reflect  .     (no gloves)
SustAt +         Harm     .     (no boots)
MR     .....                    (no amulet)
Stlth  +.........               (no ring)
                                m - ring of sustain attributes

@: not resistant to hostile enchantments, very unstealthy
A: change form in water, swift swim
a: no special abilities


You were on level 2 of the Dungeon.
You were not hungry.

You visited 1 branch of the dungeon, and saw 2 of its levels.

You collected 83 gold pieces.

Inventory:

Hand Weapons
 a - a +0 spear (weapon)
 h - a +0 dagger
 n - a +2 dagger of venom
Missiles
 p - 9 poisoned needles
Armour
 b - a +0 leather armour (worn)
 o - a +0 hat (worn)
Jewellery
 m - a ring of sustain attributes (left hand)
Scrolls
 e - a scroll of magic mapping {unknown}
 i - 2 scrolls of remove curse {unknown}
 j - a scroll of identify
 k - a scroll of teleportation {unknown}
 l - a scroll of fear {unknown}
Potions
 f - 2 potions of curing
 g - 2 potions of resistance {unknown}
Books
 c - a book of Battle

   Spells                             Type                      Level
   a - Infusion                       Charms                       1
   b - Shroud of Golubria             Charms/Translocation         2
   c - Song of Slaying                Charms                       2
   d - Spectral Weapon                Hexes/Charms                 3
   e - Regeneration                   Charms/Necromancy            3
Comestibles
 d - a bread ration


   Skills:
 + Level 2.9 Fighting
 + Level 3.7 Polearms
 - Level 0.6 Armour
 - Level 1.5 Dodging
 - Level 2.0 Spellcasting
 * Level 4.2 Charms


You couldn't memorise any spells.
You knew the following spells:

 Your Spells              Type           Power        Failure   Level  Hunger
a - Infusion              Chrm           ##..         10%         1    ##.....
b - Shroud of Golubria    Chrm/Tloc      #.........   24%         2    ###....
c - Regeneration          Chrm/Necr      #.........   50%         3    ####...


Dungeon Overview and Level Annotations

Branches:
Dungeon (2/15)

Altars:
Pakellas


Message History

Your skin is crawling a little less now.
Your magical infusion is running out.
You hit the gnoll.
The gnoll is severely wounded.
You hit the gnoll but do no damage. You closely miss the gnoll.
The gnoll misses you.
A kobold comes into view. It is wielding a dagger.
The kobold shouts!
You hit the gnoll.
The gnoll is moderately wounded.
The gnoll hits you but does no damage.
You hit the gnoll.
The gnoll is almost dead.
The gnoll hits you with a whip!
* * * LOW HITPOINT WARNING * * *
Your skin stops crawling.
You are no longer magically infusing your attacks.
There is a stone staircase leading up here.
The gnoll hits you with a whip!
You die...

##........#
#.[.......#
#.........#
#.....(...#
##........###
##.........#
####.##.....
#)# ...## #@#
.## #g###.#
#g#.. #.#.#
#g#.##
#K...####..
#..#.......
##...####
##.##


You could see 3 gnolls and a kobold.

Vanquished Creatures
  A gnoll (D:1)
  2 dart slugs
  A giant gecko (D:1)
  8 goblins (D:1)
  7 hobgoblins
  3 jackals (D:1)
  3 kobolds (D:1)
  4 bats
  2 giant newts (D:1)
  3 rats (D:1)
34 creatures vanquished.

Notes
Turn   | Place    | Note
--------------------------------------------------------------
     0 | D:1      | torvon the Merfolk Skald began the quest for the Orb.
     0 | D:1      | Reached XP level 1. HP: 16/16 MP: 3/3
    53 | D:1      | Reached XP level 2. HP: 17/22 MP: 1/5
   973 | D:1      | Reached XP level 3. HP: 28/28 MP: 6/6
  1085 | D:1      | Learned a level 2 spell: Shroud of Golubria
  1101 | D:1      | Reached skill level 4 in Charms
  1637 | D:1      | Learned a level 3 spell: Regeneration
  1803 | D:2      | Found an oddly glowing altar of Pakellas.
  1974 | D:2      | Slain by a gnoll

Skill      XL: |  1  2  3 |
---------------+----------+-----
Charms         | 4 |  4.2
Fighting       | |  2.9
Polearms       | |  3.7
Armour         | |  0.6
Dodging        | |  1.5
Spellcasting   | |  2.0

Action                   || total
-------------------------++-------
Melee: Spear             ||   150
 Cast: Infusion          ||     5
       Shroud of Golubri ||     4
       Regeneration      ||     1
  Use: Scroll            ||     1
  Eat: Meat ration       ||     1
Armor: Leather armour    ||    38
Dodge: Dodged            ||    85
